 Dungeon Crawl Stone Soup version 0.30-a0-756-gc2185399d4 (webtiles) character file.

Game seed: 2204285453659443701

2025 mopl the Covert (level 9, -5/42 HPs)
             Began as a Vine Stalker Brigand on Feb 9, 2023.
             Was a Follower of Dithmenos.
             Slain by a troll (8 damage)
             ... on level 6 of the Dungeon.
             The game lasted 00:05:39 (4229 turns).

mopl the Covert (Vine Stalker Brigand)              Turns: 4229, Time: 00:05:39

Health: -5/42      AC:  4    Str: 13    XL:     9   Next: 23%
Magic:  0/14       EV: 16    Int: 13    God:    Dithmenos [*.....]
Gold:   343        SH:  6    Dex: 19    Spells: 6/14 levels left

rFire   . . .      SeeInvis .    a - +2 dagger (venom)
rCold   . . .      Faith    .    x - +0 buckler
rNeg    . . .      Spirit   +    b - +0 robe
rPois   .          Reflect  .    (no helmet)
rElec   .          Harm     .    c - +0 cloak
rCorr   .          Rampage  .    u - +0 pair of gloves
Will    +....                    (no boots)
Stlth   +++++                    (no amulet)
HPRegen 1.07/turn                A - +5 ring of evasion
MPRegen 0.14/turn                (no ring)

@: wreathed by umbra
A: fangs 3, regeneration 1, magic shield, antimagic bite, no potion heal 2
a: Renounce Religion


You were on level 6 of the Dungeon.
You worshipped Dithmenos.
Dithmenos was aware of your devotion.
You visited 2 branches of the dungeon, and saw 7 of its levels.

You collected 343 gold pieces.

Inventory:

Hand Weapons
 a - a +2 dagger of venom (weapon)
 s - a +2 dagger
 B - a +0 antimagic dagger
 C - a +0 rapier
Missiles
 d - 9 poisoned darts (quivered)
 e - 3 curare-tipped darts
 n - 5 boomerangs
Armour
 b - a +0 robe (worn)
 c - a +0 cloak (worn)
 u - a +0 pair of gloves (worn)
 w - a +0 kite shield
 x - a +0 buckler (worn)
 D - a +2 leather armour of cold resistance
Jewellery
 A - a +5 ring of evasion (left hand)
Scrolls
 g - 3 scrolls of enchant weapon {unknown}
 h - a scroll of amnesia {unknown}
 k - a scroll of magic mapping {unknown}
 m - 2 scrolls of fear {unknown}
 o - a scroll of fog {unknown}
 p - 4 scrolls of enchant armour {unknown}
 t - 3 scrolls of blinking {unknown}
 v - 4 scrolls of acquirement {unknown}
 y - 5 scrolls of identify {unknown}
 E - a scroll of teleportation {unknown}
 G - a scroll of noise {unknown}
Potions
 f - 2 potions of curing {unknown}
 i - a potion of degeneration {unknown}
 j - a potion of mutation {unknown}
 l - a potion of ambrosia {unknown}
 q - 2 potions of heal wounds {unknown}
 r - a potion of lignification {unknown}
 z - a potion of haste {unknown}
 F - 2 potions of magic {unknown}


   Skills:
 - Level 1.7 Fighting
 + Level 5.6 Short Blades
 + Level 5.6 Throwing
 - Level 0.7 Dodging
 + Level 9.1 Stealth
 + Level 4.4 Shields
 - Level 3.0 Spellcasting


You had 6 spell levels left.
You knew the following spells:

 Your Spells              Type           Power      Damage    Failure   Level
a - Apportation           Tloc           2%         N/A       28%         1
b - Ensorcelled Hibernat  Hex/Ice        2%         N/A       41%         2
n - Swiftness             Air            1%         N/A       65%         3
p - Passwall              Tmut/Erth      0%         N/A       41%         2

Your spell library contained the following spells:

 Spells                   Type           Power      Damage    Failure   Level
 Necrotise                Necr           4%         1d4       28%         1
 Summon Small Mammal      Summ           4%         N/A       28%         1
 Frozen Ramparts          Ice            2%         1d1       65%         3
 Ice Form                 Ice/Tmut       1%         N/A       96%         4
 Summon Ice Beast         Ice/Summ       1%         N/A       96%         4


Dungeon Overview and Level Annotations

Branches:
Dungeon (6/15)             Temple (1/1) D:5

Altars:
Ashenzari
Cheibriados
Dithmenos
Fedhas
Kikubaaqudgha
Nemelex Xobeh
Okawaru
Qazlal
Ru
Sif Muna
Uskayaw
Vehumet
Wu Jian
Xom
Yredelemnul
Zin


Innate Abilities, Weirdness & Mutations

You have razor-sharp teeth.
Your natural rate of healing is unusually fast.
When hurt, damage is shared between your health and your magic reserves.
Your bite disrupts and absorbs the magic of your enemies.
Potions cannot restore your health.


Message History

You kill the scorpion!
Dithmenos accepts your kill.
You feel sick.
You hit the troll.
The troll is poisoned.
Your bite misses the troll.
The troll is lightly wounded.
You feel sick. The troll barely misses you. The troll claws you.
The troll claws you but does no damage.
You barely miss the troll. You bite the troll, but do no damage.
The troll is lightly wounded.
You feel sick.
You closely miss the troll.
The troll is lightly wounded.
You feel sick. The troll barely misses you. You block the troll's attack.
The troll closely misses you.
You barely miss the troll. Your bite misses the troll.
The troll is lightly wounded.
The troll bites you. The troll claws you. The troll claws you!
You are too injured to fight recklessly!
The troll attacks as you move away! The troll closely misses you.
The troll claws you!
* * * LOW HITPOINT WARNING * * *
The troll barely misses you.
You feel sick.
You feel sick.
There is an open door here.
The troll attacks as you move away! The troll bites you!
* * * LOW HITPOINT WARNING * * *
The troll claws you.
* * * LOW HITPOINT WARNING * * *
The troll barely misses you.
You feel sick.
Okay, then.
You aren't carrying any items that you can evoke.
Okay, then.
Okay, then.
Okay, then.
The troll attacks as you move away! The troll bites you but does no damage.
You block the troll's attack. The troll misses you.
You feel sick.
You are no longer poisoned.
There is an open door here.
The troll attacks as you move away! The troll misses you. The troll claws you!
You die...

#>.)...##.##..##...#.#####.#
#...........................
#............#######........
#...##.##.#### .W##..#.#.#
#...##.##.### ##. #......#
##......#....# #[# #......#
#.......#...##+##$# ##.....#
##....####...#8..#$+ #......
#............@T..#$# #.....#
#............##'##[# #....##
#.....######.##.8#!# #.#+##.
#.............#..# #. #.###..
#..#.#####.#..##.†'..# #..#..#
#..#.# #.#..##########.##..#
#..#.#####.#..............#..#
####..#.......#..#######.....#..#
#.....#................#.##.....#


You could see a troll (very poisoned).

Vanquished Creatures
  Grinder (D:6)
  A steam dragon (D:6)
  Menkaure (D:5)
  A water moccasin (D:6)
  3 ice beasts
  2 ogres
  A centaur (D:6)
  A phantom (D:4)
  3 bullfrogs
  A necrophage (D:5)
  3 scorpions
  A jelly (D:6)
  An orc priest (D:6)
  2 hounds
  Jessica (D:2)
  4 iguanas
  3 orc wizards
  4 gnolls (D:6)
  3 adders
  3 shadow imps
  2 worms (D:5)
  A dart slug (D:4)
  21 orcs
  7 ball pythons
  2 endoplasms
  7 goblins
  2 hobgoblins
  5 kobolds
  3 quokkas
  3 bats
  3 frilled lizards
  3 rats
99 creatures vanquished.

Notes
Turn   | Place    | Note
-------+----------+-------------------------------------------
     0 | D:1      | mopl the Vine Stalker Brigand began the quest for the Orb.
     0 | D:1      | Reached XP level 1. HP: 11/11 MP: 2/2
   187 | D:1      | Reached skill level 2 in Short Blades
   187 | D:1      | Reached skill level 5 in Stealth
   188 | D:1      | Reached skill level 2 in Throwing
   189 | D:1      | Reached XP level 2. HP: 8/15 MP: 0/3
   975 | D:2      | Noticed Jessica
   990 | D:2      | Killed Jessica
   991 | D:2      | Reached XP level 3. HP: 1/18 MP: 0/4
  1325 | D:2      | Found a faded altar of an unknown god.
  1564 | D:3      | Gained mutation: Your natural rate of healing is unusually
                  | fast. [Vine Stalker growth]
  1564 | D:3      | Reached XP level 4. HP: 23/23 MP: 5/5
  1685 | D:3      | Found a blossoming altar of Fedhas.
  1884 | D:3      | Reached skill level 3 in Short Blades
  1884 | D:3      | Reached skill level 6 in Stealth
  1884 | D:3      | Reached XP level 5. HP: 10/26 MP: 3/6
  1902 | D:3      | Reached skill level 3 in Throwing
  2193 | D:4      | Noticed a phantom
  2217 | D:4      | Killed a phantom
  2218 | D:4      | Reached skill level 1 in Shields
  2218 | D:4      | Reached XP level 6. HP: 30/30 MP: 7/7
  2239 | D:4      | Learned a level 1 spell: Apportation
  2242 | D:4      | Learned a level 2 spell: Passwall
  2245 | D:4      | Learned a level 2 spell: Ensorcelled Hibernation
  2418 | D:4      | Reached skill level 1 in Spellcasting
  2745 | D:5      | Entered Level 5 of the Dungeon
  2752 | D:5      | Reached XP level 7. HP: 34/34 MP: 8/10
  2792 | D:5      | Found a staircase to the Ecumenical Temple.
  2804 | D:5      | Reached skill level 7 in Stealth
  2804 | D:5      | Reached skill level 2 in Shields
  2810 | Temple   | Entered the Ecumenical Temple
  2839 | Temple   | Became a worshipper of Dithmenos the Shadowed
  2878 | D:5      | Reached skill level 4 in Short Blades
  2957 | D:5      | Reached skill level 4 in Throwing
  2957 | D:5      | Reached skill level 2 in Spellcasting
  3064 | D:5      | Noticed Menkaure
  3118 | D:5      | Killed Menkaure
  3266 | D:5      | Gained mutation: You have razor-sharp teeth. [Vine Stalker
                  | growth]
  3266 | D:5      | Reached XP level 8. HP: 38/38 MP: 12/12
  3270 | D:5      | Learned a level 3 spell: Swiftness
  3304 | D:5      | Found a shimmering altar of Xom.
  3437 | D:5      | Found a snail-covered altar of Cheibriados.
  3532 | D:6      | Reached * piety under Dithmenos
  3554 | D:6      | Reached skill level 3 in Shields
  3605 | D:6      | Reached skill level 3 in Spellcasting
  3617 | D:6      | Reached skill level 8 in Stealth
  3768 | D:6      | Reached skill level 5 in Short Blades
  3768 | D:6      | Reached skill level 5 in Throwing
  4017 | D:6      | Noticed Grinder
  4019 | D:6      | Killed Grinder
  4020 | D:6      | Reached skill level 4 in Shields
  4020 | D:6      | Reached XP level 9. HP: 42/42 MP: 14/14
  4052 | D:6      | Reached skill level 9 in Stealth
  4209 | D:6      | Noticed a troll
  4227 | D:6      | HP: 2/42 [troll (4)]
  4229 | D:6      | Slain by a troll

Illustrated notes

Levels and vault maps discovered:
D:1:      lightli_iron_boxes, layout_basic, amcnicky_mini_pool_small,
          st_stairs_1, minmay_misc_feat_iff
D:2:      layout_basic, basic_ecumenical_altar, supply_closet_lemuel,
          uniq_jessica
D:3:      layout_basic, fedhas_altar_4
D:4:      layout_loops_ring, grunt_ministairs_1
D:5:      layout_rooms, mainiacjoe_overflow_24_doors, slow_altar_2,
          minmay_temple_entry_hall, serial_corexii_hall,
          chequers_hall_statues_wall_a, corexii_hall_statues_t,
          corexii_hall_statues_deadend, chequers_hall_statues_corner_a,
          minmay_misc_feat_encased, uniq_menkaure
D:6:      minmay_chambers_of_sixes, layout_basic, hangedman_glass_teeth,
          uniq_grinder
Temple:   nicolae_temple_bog_church

Skill      XL: |  1  2  3  4  5  6  7  8  9 |
---------------+----------------------------+-----
Short Blades   | 2 3 4 5 |  5.6
Stealth        | 5 6 7 8 9 |  9.1
Throwing       | 2 3 4 5 |  5.6
Shields        | 1 2 4 |  4.4
Spellcasting   | 1 2 3 |  3.0
Fighting       | |  1.7
Dodging        | |  0.7

Action                     |  1- 3 |  4- 6 |  7- 9 || total
---------------------------+-------+-------+-------++-------
  Melee: Dagger            |    61 |   104 |   168 ||   333
         Bite              |    12 |    31 |    67 ||   110
  Throw: Dart              |       |     3 |     1 ||     4
   Stab: Sleeping          |     7 |     7 |    11 ||    25
         Distracted        |       |     1 |     1 ||     2
 Armour: Robe              |    11 |    19 |    17 ||    47
  Dodge: Dodged            |    28 |    40 |    80 ||   148
  Block: Kite shield       |       |     6 |       ||     6
         Buckler           |       |     3 |    29 ||    32

Table legend: (Time is in decaauts)
 A = Elapsed time spent in this place.
 B = Non-inter-level travel time spent in this place.
 C = Inter-level travel time spent in this place.
 D = Time resting spent in this place.
 E = Time spent auto-exploring this place.
 F = Levels seen in this place.
 G = Mean time per level.
                   A        B        C        D        E       F      G
               +--------+--------+--------+--------+--------+-----+--------+
         Total |   4178 |   4006 |    172 |     69 |   3073 |   7 |  596.9 |
       Dungeon |   4127 |   3977 |    150 |     69 |   3061 |   6 |  687.8 |
        Temple |     51 |     30 |     21 |      0 |     12 |   1 |   51.0 |
               +--------+--------+--------+--------+--------+-----+--------+

Top non-repeatable levels by time:
     D:2: 783 daAuts
     D:4: 720 daAuts
     D:1: 703 daAuts
     D:5: 698 daAuts
     D:6: 686 daAuts
     D:3: 534 daAuts
  Temple: 51 daAuts
